 Dungeon Sprint DCSS version 0.16-a0-4004-g8d6611c (webtiles) character file.

900000 PolkaDot the Sensei (level 13, -52/119 HPs)
             Began as a Demonspawn Monk on Feb 15, 2015.
             Was a Priest of Makhleb.
             Annihilated by a meat berserker
             ... wielding a +9 battleaxe
              (59 damage)
             ... in the Dungeon (Sprint VIII: "Arena of Blood").
             The game lasted 00:00:43 (9 turns).

PolkaDot the Sensei (Demonspawn Monk)                  Turns: 9, Time: 00:00:44

Health: -52/119    AC:  8    Str: 12    XL:     13   Next: 26%
Magic:  13/13      EV: 26    Int: 12    God:    Makhleb [***...]
Gold:   0          SH:  0    Dex: 20    Spells: 0 memorised, 12 levels left

rFire  . . .     SeeInvis .     i - +∞ Axe of Woe
rCold  . . .     Clarity  .     a - +0 robe
rNeg   . . .     SustAb   .     (no shield)
rPois  .         Gourm    .     (no helmet)
rElec  .         Spirit   .     (no cloak)
rCorr  .         Warding  .     (no gloves)
rMut   .         NoTele   +     (no boots)
MR     .....                    (no amulet)
Stlth  ++++......               (no ring)
                                (no ring)

@: not resistant to hostile enchantments, stealthy
A: hooves 1, iridescent scales 2, foul stench 1, spiny 2, rot immunity
a: Minor Destruction, Lesser Servant of Makhleb, Renounce Religion


You were in the Dungeon.
You worshipped Makhleb.
Makhleb was most pleased with you.
You were not hungry.

You visited 1 branch

Inventory:

Hand weapons
 i - the +∞ Axe of Woe (weapon)
   (You found it in the Dungeon)
Armour
 a - a +0 robe (worn)
Scrolls
 h - a scroll of blinking
Potions
 c - a potion of curing
 d - a potion of heal wounds
 e - a potion of haste
 f - 2 potions of magic
 g - a potion of berserk rage
Comestibles
 b - a bread ration


   Skills:
 + Level 16.6 Fighting
 + Level 1.6 Axes
 + Level 15.2 Dodging
 + Level 6.6 Stealth
 + Level 22.1 Unarmed Combat


You had 12 spell levels left.
You didn't know any spells.

Dungeon Overview and Level Annotations

Branches:
Dungeon (1/1)

Altars:
Makhleb


Innate Abilities, Weirdness & Mutations

You have large cloven feet.
You are mostly covered in iridescent scales (AC +6).
You emit a foul stench.
You are mostly covered in sharp spines.
You are immune to rotting.


Message History

Increase (S)trength, (I)ntelligence, or (D)exterity?
You feel agile.
You feel clever.
You hit the bag of meat.
You hew the bag of meat savagely.
You kill the bag of meat!
Makhleb accepts your kill.
You can now summon a lesser servant of Makhleb.
Your Fighting skill increases to level 16!
Your Axes skill increases to level 1!
Your Dodging skill increases to level 15!
Your Unarmed Combat skill gained 2 levels and is now at level 22!
You have reached level 13!
Your demonic ancestry asserts itself...
You begin to emit a foul stench of rot and decay.
You hear a shout! x2
The meat berserker moves out of view.
You hear a shout! x2
The meat berserker rages.
You hear a shout! x7
The meat berserker hits you with a +9 battleaxe!!!
You die...

. .o.. .. o.. #o.
..# #.. ..# .
.###.. ..###..
......###..o....
......o_O........
#..)@o# . #_.<._#
.
.....#.....#.....
.....oo._........
......o###.......
.###.. ..###. #..
..# #. ..# .. ...


You could see a meat berserker (berserk) and 8 bags of meat.

Vanquished Creatures
  An ogre (D)
  2 orcs (D)
3 creatures vanquished.

Notes
Turn   | Place    | Note
--------------------------------------------------------------
     0 | D        | PolkaDot, the Demonspawn Monk, began the quest for the Orb.
     0 | D        | Reached XP level 1. HP: 18/18 MP: 1/1
     3 | D        | Noticed a bag of meat
     3 | D        | Noticed a bag of meat
     4 | D        | Became a worshipper of Makhleb the Destroyer
     4 | D        | Acquired Makhleb's first power
     4 | D        | Acquired Makhleb's second power
     5 | D        | Noticed a meat berserker
     5 | D        | Noticed a bag of meat
     6 | D        | Noticed a bag of meat
     6 | D        | Noticed a bag of meat
     6 | D        | Noticed a bag of meat
     6 | D        | Noticed a bag of meat
     7 | D        | Noticed a bag of meat
     8 | D        | Noticed a bag of meat
     8 | D        | Noticed a meat berserker
     8 | D        | Killed a bag of meat
     8 | D        | Reached skill level 13 in Fighting
     8 | D        | Reached skill level 5 in Stealth
     8 | D        | Reached skill level 18 in Unarmed Combat
     8 | D        | Gained mutation: You are immune to rotting. [demonic ancestry]
     8 | D        | Reached XP level 2. HP: 21/40 MP: 2/2
     8 | D        | Gained mutation: You are partially covered in sharp spines. [demonic ancestry]
     8 | D        | Reached XP level 3. HP: 24/46 MP: 3/3
     8 | D        | Reached XP level 4. HP: 27/53 MP: 4/4
     8 | D        | Gained mutation: You are partially covered in iridescent scales (AC +4). [demonic ancestry]
     8 | D        | Reached XP level 5. HP: 30/59 MP: 5/5
     8 | D        | Gained mutation: You are mostly covered in iridescent scales (AC +6). [demonic ancestry]
     8 | D        | Reached XP level 6. HP: 33/66 MP: 6/6
     8 | D        | Reached XP level 7. HP: 36/72 MP: 7/7
     8 | D        | Gained mutation: You have large cloven feet. [demonic ancestry]
     8 | D        | Reached XP level 8. HP: 39/79 MP: 8/8
     8 | D        | Gained mutation: You are mostly covered in sharp spines. [demonic ancestry]
     8 | D        | Reached XP level 9. HP: 41/85 MP: 9/9
     8 | D        | Reached XP level 10. HP: 44/92 MP: 10/10
     8 | D        | Reached XP level 11. HP: 46/98 MP: 11/11
     9 | D        | Noticed a bag of meat
     9 | D        | Noticed a meat berserker
     9 | D        | Killed a meat berserker
     9 | D        | Reached skill level 15 in Fighting
     9 | D        | Reached skill level 20 in Unarmed Combat
     9 | D        | Reached XP level 12. HP: 6/110 MP: 12/12
     9 | D        | Killed a bag of meat
     9 | D        | Acquired Makhleb's third power
     9 | D        | Reached skill level 1 in Axes
     9 | D        | Reached skill level 15 in Dodging
     9 | D        | Reached skill level 22 in Unarmed Combat
     9 | D        | Gained mutation: You emit a foul stench. [demonic ancestry]
     9 | D        | Reached XP level 13. HP: 6/119 MP: 13/13
     9 | D        | Annihilated by a meat berserker

Action                   |  1- 3 |  4- 6 |  7- 9 | 10-12 | 13-15 || total
-------------------------+-------+-------+-------+-------+-------++-------
Melee: Executioner's axe |     1 |       |       |     1 |       ||     2
